 Dungeon Crawl Stone Soup version 0.27-a0-40-g5f2be0e231 (webtiles) character file.

Game seed: 3393769159856841979

614 robertstho the Chiller (level 7, -4/51 HPs)
             Began as a Gnoll Ice Elementalist on Jan 5, 2021.
             Splashed by an orc's acid (12 damage)
             ... on level 5 of the Dungeon.
             The game lasted 00:05:48 (4294 turns).

robertstho the Chiller (Gnoll Ice Elementalist)     Turns: 4294, Time: 00:05:48

Health: -4/51      AC:  4    Str: 10    XL:     7   Next: 44%
Magic:  2/15       EV: 15    Int: 20    God:
Gold:   185        SH:  0    Dex: 15    Spells: 2/17 levels left

rFire    . . .     SeeInvis .   y - +0 rapier (protect)
rCold    . . .     Faith    .   (no shield)
rNeg     . . .     Spirit   .   a - +0 robe
rPois    .         Reflect  .   (no helmet)
rElec    .         Harm     .   w - +0 cloak
rCorr    .         Rampage  .   x - +0 pair of gloves
Will     .....                  (no boots)
Stlth    +++.......             (no amulet)
HPRegen  0.17/turn              (no ring)
MPRegen  0.14/turn              (no ring)

@: no status effects
A: distributed training, fangs 1, strong nose
a: no special abilities


You were on level 5 of the Dungeon.
You visited 1 branch of the dungeon, and saw 5 of its levels.

You collected 185 gold pieces.

Inventory:

Hand Weapons
 y - a +0 rapier of protection (weapon)
Missiles
 e - 4 poisoned darts
 f - 50 bolts
 m - 101 stones
 n - 79 arrows
 o - 31 sling bullets
 s - a throwing net
Armour
 a - a +0 robe (worn)
 w - a +0 cloak (worn)
 x - a +0 pair of gloves (worn)
Jewellery
 v - an uncursed amulet of faith {unknown}
Scrolls
 c - 3 scrolls of teleportation {unknown}
 d - 4 scrolls of identify {unknown}
 g - 4 scrolls of remove curse {unknown}
 j - 3 scrolls of fog {unknown}
 l - a scroll of noise {unknown}
 p - 2 scrolls of amnesia {unknown}
 r - a scroll of random uselessness {unknown}
 u - a scroll of enchant armour {unknown}
 D - a scroll of fear {unknown}
Potions
 b - a potion of heal wounds {unknown}
 h - 5 potions of curing {unknown}
 i - a potion of resistance {unknown}
 k - a potion of berserk rage {unknown}
 q - 4 potions of degeneration {unknown}
 t - a potion of ambrosia {unknown}
 z - a potion of lignification {unknown}
 A - a potion of cancellation {unknown}
 B - 2 potions of flight {unknown}
 C - a potion of haste {unknown}


   Skills:
 + Level 2.5 Fighting
 + Level 2.5 Short Blades
 + Level 2.5 Long Blades
 + Level 2.5 Axes
 + Level 2.5 Maces & Flails
 + Level 2.5 Polearms
 + Level 2.5 Staves
 + Level 2.5 Slings
 + Level 2.5 Bows
 + Level 2.5 Crossbows
 + Level 2.5 Throwing
 + Level 2.5 Armour
 + Level 5.2 Dodging
 + Level 4.9 Stealth
 + Level 2.5 Shields
 + Level 2.5 Unarmed Combat
 + Level 5.6 Spellcasting
 + Level 2.0 Conjurations
 + Level 2.0 Hexes
 + Level 2.0 Summonings
 + Level 2.0 Necromancy
 + Level 2.0 Translocations
 + Level 2.0 Transmutations
 + Level 2.0 Fire Magic
 + Level 7.4 Ice Magic
 + Level 2.0 Air Magic
 + Level 2.0 Earth Magic
 + Level 2.0 Poison Magic
 + Level 2.7 Invocations
 + Level 2.5 Evocations


You had 2 spell levels left.
You knew the following spells:

 Your Spells              Type           Power        Failure   Level
a - Freeze                Ice            100%         1%          1
b - Frozen Ramparts       Ice            70%          1%          3
c - Ozocubu's Armour      Ice            35%          1%          3
d - Hailstorm             Conj/Ice       24%          16%         4
e - Summon Ice Beast      Ice/Summ       24%          16%         4

Your spell library contained the following spells:

 Spells                   Type           Power        Failure   Level


Dungeon Overview and Level Annotations

Branches:
Dungeon (5/15)
 Temple: D:4-7

Altars:
Ashenzari


Innate Abilities, Weirdness & Mutations

Your experience applies equally to all skills.
You have very sharp teeth.
Your uncanny sense of smell can sniff out nearby items.


Message History

The white imp resists.
The white imp hits your ice beast. The white imp freezes your ice beast.
Your ice beast completely resists.
Your ice beast hits the white imp but does no damage.
Your ice beast hits the white imp.
The white imp dies!
Your magical contamination has completely faded away.
What are your orders? t - Bark!
Orders for allies: a - Attack new target. r - Retreat! s - Stop attacking. g - Guard the area. f - Follow me.
Anything else - Cancel.
Gang up on whom?
Press: ? - help, Dir - move target, f - orc
Aim: an orc, wielding a +0 war axe, wearing a +0 scale mail, quivering 32 stones and carrying a wand of acid (10) Attack!
The orc zaps a wand.
The bolt of acid hits you.
* * * LOW HITPOINT WARNING * * *
You are splashed with acid!
You die...

#.# ..# # #.# .##
.> #.# #.###.# #.#
#.#...#
#.####.#.#.###
#.#..........#
#....8.....8.#
#####.........#
#...@.....>...#
#.###.........#
####.###Y........#
......)...o......#
.######.Y8.....8.#
##....?....#
###.##.##.# ∆ #.#
.# # #.# .#


You could see an orc and 2 friendly ice beasts.

Vanquished Creatures
  Eustachio (D:4)
  A sky beast (D:4)
  An ogre (D:5)
  A scorpion (D:4)
  2 hounds
  A jelly (D:5)
  2 worker ants (D:4)
  A killer bee zombie (D:5)
  A hound zombie (D:5)
  A hound skeleton (D:5)
  An adder (D:4)
  2 oozes
  A worm (D:2)
  6 leopard geckos
  An orc (D:4)
  2 bats (D:1)
  4 giant cockroaches
  6 hobgoblins
  7 jackals (D:3)
  2 frilled lizards
  5 goblins
  6 kobolds
  4 rats
59 creatures vanquished.

Vanquished Creatures (collateral kills)
  A white imp (D:5)
1 creature vanquished.

Vanquished Creatures (others)
  95 plants (D:1)
95 creatures vanquished.

Grand Total: 155 creatures vanquished

Notes
Turn   | Place    | Note
-------+----------+-------------------------------------------
     0 | D:1      | robertstho the Gnoll Ice Elementalist began the quest for
                  | the Orb.
     0 | D:1      | Reached XP level 1. HP: 13/13 MP: 6/6
   326 | D:1      | Reached XP level 2. HP: 19/19 MP: 2/7
  1090 | D:2      | Reached XP level 3. HP: 8/25 MP: 2/9
  1091 | D:2      | Reached skill level 5 in Spellcasting
  1095 | D:2      | Learned a level 3 spell: Frozen Ramparts
  1099 | D:2      | Learned a level 3 spell: Ozocubu's Armour
  1933 | D:3      | Reached skill level 1 in Invocations
  2670 | D:3      | Reached skill level 1 in Fighting
  2670 | D:3      | Reached skill level 1 in Short Blades
  2670 | D:3      | Reached skill level 1 in Long Blades
  2670 | D:3      | Reached skill level 1 in Axes
  2670 | D:3      | Reached skill level 1 in Maces & Flails
  2670 | D:3      | Reached skill level 1 in Polearms
  2670 | D:3      | Reached skill level 1 in Staves
  2670 | D:3      | Reached skill level 1 in Slings
  2670 | D:3      | Reached skill level 1 in Bows
  2670 | D:3      | Reached skill level 1 in Crossbows
  2670 | D:3      | Reached skill level 1 in Throwing
  2670 | D:3      | Reached skill level 1 in Armour
  2670 | D:3      | Reached skill level 1 in Shields
  2670 | D:3      | Reached skill level 1 in Unarmed Combat
  2670 | D:3      | Reached skill level 1 in Evocations
  3084 | D:4      | Reached XP level 4. HP: 32/32 MP: 6/11
  3145 | D:4      | Reached skill level 1 in Conjurations
  3145 | D:4      | Reached skill level 1 in Hexes
  3145 | D:4      | Reached skill level 1 in Summonings
  3145 | D:4      | Reached skill level 1 in Necromancy
  3145 | D:4      | Reached skill level 1 in Translocations
  3145 | D:4      | Reached skill level 1 in Transmutations
  3145 | D:4      | Reached skill level 1 in Fire Magic
  3145 | D:4      | Reached skill level 1 in Air Magic
  3145 | D:4      | Reached skill level 1 in Earth Magic
  3145 | D:4      | Reached skill level 1 in Poison Magic
  3254 | D:4      | Found a broken altar of Ashenzari.
  3279 | D:4      | Noticed a sky beast
  3293 | D:4      | Killed a sky beast
  3294 | D:4      | Reached XP level 5. HP: 24/37 MP: 6/12
  3414 | D:4      | Reached XP level 6. HP: 33/44 MP: 9/13
  3576 | D:4      | Noticed Eustachio
  3591 | D:4      | Killed Eustachio
  3592 | D:4      | Reached skill level 5 in Dodging
  3749 | D:4      | Noticed a phantom
  4060 | D:5      | Entered Level 5 of the Dungeon
  4066 | D:5      | Learned a level 4 spell: Hailstorm
  4071 | D:5      | Learned a level 4 spell: Summon Ice Beast
  4084 | D:5      | Reached XP level 7. HP: 50/50 MP: 15/15
  4294 | D:5      | Splashed by an orc's acid

Illustrated notes

Levels and vault maps discovered:
D:1:      roderic_crop_circles_arrival_small, layout_loops_ring
D:2:      wander_river, layout_basic
D:3:      layout_loops_ring, serial_forest, infiniplex_forest_lined_3,
          infiniplex_forest_end_2, infiniplex_forest_clump_curved,
          infiniplex_forest_straight_5, infiniplex_forest_lined_1,
          infiniplex_forest_split
D:4:      layout_cave_pools, evilmike_ruin_ashenzari, lightli_corner_chamber,
          uniq_eustachio
D:5:      layout_loops_ring, serial_shops, shop, nicolae_shop_stone,
          nicolae_shop_stone, basic_altar, st_stairs_1

Skill      XL: |  1  2  3  4  5  6  7 |
---------------+----------------------+-----
Spellcasting   | 5 |  5.6
Invocations    | 1 2 |  2.7
Fighting       | 1 2 |  2.5
Short Blades   | 1 2 |  2.5
Long Blades    | 1 2 |  2.5
Axes           | 1 2 |  2.5
Maces & Flails | 1 2 |  2.5
Polearms       | 1 2 |  2.5
Staves         | 1 2 |  2.5
Slings         | 1 2 |  2.5
Bows           | 1 2 |  2.5
Crossbows      | 1 2 |  2.5
Throwing       | 1 2 |  2.5
Armour         | 1 2 |  2.5
Shields        | 1 2 |  2.5
Unarmed Combat | 1 2 |  2.5
Evocations     | 1 2 |  2.5
Conjurations   | 1 2 |  2.0
Hexes          | 1 2 |  2.0
Summonings     | 1 2 |  2.0
Necromancy     | 1 2 |  2.0
Translocations | 1 2 |  2.0
Transmutations | 1 2 |  2.0
Fire Magic     | 1 2 |  2.0
Air Magic      | 1 2 |  2.0
Earth Magic    | 1 2 |  2.0
Poison Magic   | 1 2 |  2.0
Dodging        | 5 |  5.2
Stealth        | |  4.9
Ice Magic      | |  7.4

Action                   |  1- 3 |  4- 6 |  7- 9 || total
-------------------------+-------+-------+-------++-------
Melee: Unarmed           |   100 |    11 |       ||   111
       Bite              |    14 |     4 |     5 ||    23
       Punch             |     1 |       |       ||     1
       Rapier            |       |    13 |    31 ||    44
 Cast: Freeze            |    26 |    14 |     3 ||    43
       Frozen Ramparts   |     7 |     3 |     3 ||    13
       Summon Ice Beast  |       |       |     2 ||     2
 Stab: Sleeping          |    10 |     1 |       ||    11
       Distracted        |       |       |     1 ||     1
Armor: Robe              |    18 |    10 |    13 ||    41
Dodge: Dodged            |    86 |    42 |    29 ||   157

Table legend: (Time is in decaauts)
 A = Elapsed time spent in this place.
 B = Non-inter-level travel time spent in this place.
 C = Inter-level travel time spent in this place.
 D = Time resting spent in this place.
 E = Time spent auto-exploring this place.
 F = Levels seen in this place.
 G = Mean time per level.
                   A        B        C        D        E       F      G
               +--------+--------+--------+--------+--------+-----+--------+
         Total |   4316 |   4170 |    146 |    151 |   3494 |   5 |  863.2 |
       Dungeon |   4316 |   4170 |    146 |    151 |   3494 |   5 |  863.2 |
               +--------+--------+--------+--------+--------+-----+--------+

Top non-repeatable levels by time:
     D:1: 1054 daAuts
     D:4: 1044 daAuts
     D:3: 1013 daAuts
     D:2: 968 daAuts
     D:5: 236 daAuts
